AoeStats
← GaunerFahrrad47

Arabia

505703423Analyzed
2v2 RM · 23d ago on Sep 10, 2026· 69m 36s· 4 players
Game mode
Random Map
Map size
Medium (4 player)
Population
200
Speed
Normal
Resources
Standard
Victory
Conquest
Starting age
Dark Age
Ending age
Imperial Age
RankedLock teamsTeams togetherTeam positionsShared explorationLock speedFull tech treeHidden civsTurbo modeCheats
Victory
Defeat
🇳🇱 Mongols · Netherlands
1265
+14
🇩🇪 Goths · Germany
1141
+18
🇩🇪 Japanese · Germany
1233
-17
🇩🇪 Mongols · Germany
1184
-15
Mayor Meanswell
1:39 Loom
10:41 Feudal Age
15:13 Castle Age
13:17 Double-Bit Axe
18:26 Bow Saw
22:22 Horse Collar
26:26 Heavy Plow
28:18 Wheelbarrow
30:32 Hand Cart
30:03 Town Watch
36:53 Imperial Age
35:21 Masonry
35:14 Gold Mining
38:33 Chemistry
38:21 Architecture
47:35 Forging
47:25 Scale Mail Armor
48:29 Anarchy
48:51 Conscription
48:22 Pikeman
49:02 Squires
49:39 Iron Casting
49:19 Chain Mail Armor
50:02 Halberdier
51:28 Perfusion
53:32 Blast Furnace
51:56 Elite Huskarl
63:26 Caravan
eessddzz
8:34 Feudal Age
8:25 Loom
9:10 Double-Bit Axe
9:37 Horse Collar
12:46 Town Watch
17:57 Bloodlines
17:54 Scale Barding Armor
18:11 Forging
18:59 Wheelbarrow
22:45 Castle Age
21:19 Gold Mining
22:20 Scale Barding Armor
23:32 Husbandry
25:30 Iron Casting
27:39 Bow Saw
31:40 Chain Barding Armor
32:58 Heavy Plow
34:11 Gold Shaft Mining
33:31 Stone Mining
35:10 Fletching
35:55 Bodkin Arrow
39:38 Hand Cart
40:03 Stone Shaft Mining
44:05 Imperial Age
42:07 Ballistics
41:50 Padded Archer Armor
42:52 Leather Archer Armor
43:47 Thumb Ring
44:56 Bracer
45:22 Parthian Tactics
46:00 Chemistry
45:24 Conscription
45:41 Elite Mangudai
47:23 Town Patrol
48:35 Hoardings
53:06 Masonry
53:08 Fortified Wall
60:54 Drill
61:39 Caravan
62:27 Capped Ram
64:50 Blast Furnace
63:24 Siege Ram
BlackIce
2:23 Loom
9:50 Feudal Age
12:20 Double-Bit Axe
15:07 Horse Collar
16:21 Scale Barding Armor
16:06 Horse Collar
21:57 Castle Age
20:53 Forging
20:58 Bloodlines
23:40 Chain Barding Armor
25:48 Husbandry
26:04 Forging
28:51 Iron Casting
29:20 Wheelbarrow
31:58 Bow Saw
31:54 Horse Collar
37:09 Town Watch
37:32 Heavy Plow
40:35 Hand Cart
40:13 Gold Mining
45:43 Imperial Age
45:47 Cavalier
47:33 Blast Furnace
47:52 Conscription
51:20 Elite Skirmisher
52:06 Thumb Ring
52:02 Padded Archer Armor
51:52 Fletching
53:18 Bodkin Arrow
53:27 Stone Mining
54:13 Gold Shaft Mining
54:21 Murder Holes
56:41 Chemistry
56:02 Ballistics
58:27 Leather Archer Armor
59:34 Bracer
GaunerFahrrad47
8:05 Loom
9:50 Feudal Age
12:24 Double-Bit Axe
13:12 Fletching
14:03 Padded Archer Armor
20:53 Castle Age
20:13 Stone Mining
20:08 Horse Collar
20:23 Gold Mining
23:28 Scale Mail Armor
23:51 Forging
36:08 Imperial Age
37:00 Iron Casting
39:32 Chain Mail Armor
42:57 Wheelbarrow
43:12 Capped Ram
45:41 Light Cavalry
50:27 Bloodlines
50:17 Husbandry
52:45 Elite Skirmisher
54:14 Leather Archer Armor
61:31 Plate Mail Armor
62:01 Blast Furnace
63:47 Leather Archer Armor
63:27 Bodkin Arrow
63:24 Elite Samurai
63:55 Elite Skirmisher
64:41 Heavy Plow
65:07 Ballistics
65:49 Ring Archer Armor
Connection lost

Rejoining the realm…

Still unreachable

The connection could not be restored.

Session expired

The server has moved on; the page needs a fresh start.